 Dungeon Crawl Stone Soup version 0.31-a0-801-gc67433417a (webtiles) character file.

Game seed: 15014342847799171320

3159 Ivernyr the Carver (level 9, 0/48 HPs)
             Began as a Vine Stalker Gladiator on Sept 20, 2023.
             Slain by Joseph
             ... wielding a +0 quarterstaff
              (13 damage)
             ... on level 7 of the Dungeon.
             The game lasted 00:09:05 (4434 turns).

Ivernyr the Carver (Vine Stalker Gladiator)         Turns: 4434, Time: 00:09:05

Health: 0/48       AC:  8    Str: 17    XL:     9   Next: 94%
Magic:  0/10       EV: 16    Int:  8    God:
Gold:   399        SH:  0    Dex: 24    Spells: 8/8 levels left

rFire   . . .        a - +0 long sword
rCold   . . .        (no shield)
rNeg    + + +        b - +0 leather armour
rPois   +            c - +0 helmet
rElec   .            l - scarf of Kepuh {shadows, Rampage rPois rN+++ Dex+4 Stlth-}
rCorr   .            (no gloves)
SInv    .            (no boots)
Will    +....        (no amulet)
Stlth   +            m - +4 ring of protection
HPRegen 1.08/turn    (no ring)
MPRegen 0.12/turn

%: guardian spirit, rampage
@: no status effects
A: fangs 3, regeneration 1, magic shield, antimagic bite, no potion heal 2
a: no special abilities


You were on level 7 of the Dungeon.
You visited 1 branch of the dungeon, and saw 7 of its levels.

You collected 399 gold pieces.

Inventory:

Hand Weapons
 a - a +0 long sword (weapon)
Missiles
 d - 3 throwing nets (quivered)
 e - 4 javelins
Armour
 b - a +0 leather armour (worn)
 c - a +0 helmet (worn)
 l - the scarf of Kepuh (worn) {shadows, Rampage rPois rN+++ Dex+4 Stlth-}
   (You found it on level 3 of the Dungeon)

   Dex+4:     It affects your dexterity (+4).
   rPois:     It protects you from poison rN+++: It renders you almost immune to
   negative energy.
   Rampage:   It bestows one free step when moving towards enemies.
   Stlth-:    It makes you less stealthy.
Jewellery
 m - a +4 ring of protection (left hand)
Wands
 k - a wand of iceblast (13)
 q - a wand of flame (20)
Scrolls
 f - 6 scrolls of identify {unknown}
 n - a scroll of enchant weapon {unknown}
 o - 3 scrolls of fog {unknown}
 r - a scroll of teleportation {unknown}
 s - a scroll of immolation {unknown}
Potions
 g - 3 potions of curing {unknown}
 h - 3 potions of mutation {unknown}
 i - 2 potions of lignification {unknown}
 j - a potion of heal wounds {unknown}
 p - a potion of resistance {unknown}
 t - a potion of attraction {unknown}


   Skills:
 + Level 5.7 Fighting
 * Level 8.4 Long Blades
 - Level 1.7 Throwing
 + Level 4.8 Armour
 + Level 5.6 Dodging


You had 8 spell levels left.
You didn't know any spells.
Your spell library contained the following spells:

 Spells                   Type           Power      Damage    Failure   Level
 Ensorcelled Hibernation  Hex/Ice        0%         N/A       61%         2
 Passwall                 Tmut/Erth      0%         N/A       61%         2
 Sublimation of Blood     Necr           0%         N/A       61%         2
 Wereblood                Tmut           0%         N/A       61%         2
 Dazzling Flash           Conj/Hex       0%         N/A       83%         3
 Inner Flame              Hex/Fire       0%         N/A       83%         3
 Swiftness                Air            0%         N/A       83%         3
 Volatile Blastmotes      Fire/Tloc      0%         2d10      83%         3
 Yara's Violent Unravell  Hex/Tmut       0%         3d3       100%        5
 Starburst                Conj/Fire      0%         6d3       100%        6
 Enfeeble                 Hex            0%         N/A       100%        7
 Summon Hydra             Summ           0%         N/A       100%        7
 Maxwell's Capacitive Co  Air            0%         ∞         100%        8


Dungeon Overview and Level Annotations

Branches:
Dungeon (7/15)
 Temple: D:4-7

Altars:
Dithmenos
Fedhas
Gozag
Nemelex Xobeh
Okawaru
Qazlal
Sif Muna
Trog
Zin
The Shining One

Annotations:
D:7 Joseph


Innate Abilities, Weirdness & Mutations

You have razor-sharp teeth.
Your natural rate of healing is unusually fast.
When hurt, damage is shared between your health and your magic reserves.
Your bite disrupts and absorbs the magic of your enemies.
Potions cannot restore your health.


Message History

t - a golden potion You open the door.
There is an open door here.
There is an open door here.
Joseph, a Mercenary comes into view.
He is wielding a +0 quarterstaff.
Joseph shouts!
Joseph unwields a +0 quarterstaff.
Joseph wields a +0 sling.
Joseph shoots a sling bullet.
The sling bullet hits you.
Joseph shoots a sling bullet.
The sling bullet hits you!
You start resting.
Joseph is nearby!
You hit Joseph. Your bite misses Joseph.
Joseph is lightly wounded.
Joseph sighs, "Being a guard is usually so boring..."
Joseph unwields a +0 sling.
Joseph wields a +0 quarterstaff.
Joseph hits you with a +0 quarterstaff!
You hit Joseph but do no damage. You bite Joseph! You drain his power.
You feel invigorated.
Joseph is lightly wounded.
Joseph hits you with a +0 quarterstaff!
You closely miss Joseph. Your bite misses Joseph.
Joseph is lightly wounded.
Joseph closely misses you.
You closely miss Joseph. You bite Joseph. You drain his power.
You feel invigorated.
Joseph is lightly wounded.
An ice beast comes into view.
Joseph hits you with a +0 quarterstaff.
You hit Joseph. You bite Joseph, but do no damage.
Joseph is moderately wounded.
Joseph says, "It's nothing personal, but I have to kill you."
Joseph misses you.
You closely miss Joseph.
Joseph is moderately wounded.
Joseph hits you with a +0 quarterstaff!!
* * * LOW HITPOINT WARNING * * *
You hit Joseph.
Joseph is moderately wounded.
Joseph hits you with a +0 quarterstaff!
You die...

###....##.......
#.......#.......
#####..#.......###.....
###.###..##..##......@....
#........#...# ..........
##...........# #.........
###.....#.##### .........
##....#.....###........
##.........@#..>......
###.##.....@.Y.......
####.............(.
##.........#......
#......###.#......
##.....##.#.......
####............<
##............
##.......###..##


You could see Joseph and an ice beast.

Vanquished Creatures
  Pikel (D:5)
  Grinder (D:5)
  Eustachio (D:4)
  Sigmund (D:2)
  Edmund (D:4)
  2 ice beasts
  A sky beast (D:7)
  2 ogres (D:6)
  A centaur (D:7)
  2 phantoms
  A bullfrog (D:7)
  2 scorpions
  5 wights (D:6)
  6 killer bees (D:6)
  2 hounds
  3 jellies
  A gnoll bouda (D:6)
  3 sleepcaps
  2 iguanas (D:5)
  2 orc priests (D:6)
  3 orc wizards
  9 gnolls
  9 adders
  2 white imps
  2 worms
  2 dart slugs
  9 orcs
  4 bats (D:1)
  6 endoplasms
  A giant cockroach (D:1)
  8 goblins
  7 hobgoblins
  4 jackals (D:2)
  3 ball pythons
  A frilled lizard (D:3)
  4 kobolds
  6 rats
120 creatures vanquished.

Notes
Turn   | Place    | Note
-------+----------+-------------------------------------------
     0 | D:1      | Ivernyr the Vine Stalker Gladiator began the quest for the
                  | Orb.
     0 | D:1      | Reached XP level 1. HP: 11/11 MP: 2/2
   201 | D:1      | Reached XP level 2. HP: 15/15 MP: 3/3
   261 | D:1      | Reached skill level 3 in Long Blades
   572 | D:1      | You fall into a shaft and drop 1 floor!
   573 | D:2      | Noticed Sigmund
   580 | D:2      | Killed Sigmund
   581 | D:2      | Reached skill level 4 in Long Blades
   581 | D:2      | Reached skill level 1 in Armour
   581 | D:2      | Reached XP level 3. HP: 19/19 MP: 4/4
   581 | D:2      | Reached XP level 4. HP: 23/23 MP: 5/5
   581 | D:2      | Reached XP level 5. HP: 27/27 MP: 6/6
  1104 | D:2      | Found a faded altar of an unknown god.
  1491 | D:3      | Reached XP level 6. HP: 32/32 MP: 7/7
  1534 | D:3      | Found a shimmering blue altar of Sif Muna.
  1655 | D:3      | Identified the scarf of Kepuh {shadows, Rampage rPois rN+++
                  | Dex+4 Stlth-}
  1661 | D:3      | Found an opulent altar of Gozag.
  1661 | D:3      | Found a sparkling altar of Nemelex Xobeh.
  1741 | D:3      | Found a shadowy altar of Dithmenos.
  2108 | D:4      | Noticed Edmund
  2120 | D:4      | Killed Edmund
  2121 | D:4      | Reached skill level 5 in Long Blades
  2121 | D:4      | Reached XP level 7. HP: 30/36 MP: 6/8
  2162 | D:4      | Noticed Eustachio
  2180 | D:4      | Killed Eustachio
  2606 | D:4      | Found a bloodstained altar of Trog.
  2651 | D:4      | Found an iron altar of Okawaru.
  2651 | D:4      | Found a glowing golden altar of the Shining One.
  2745 | D:5      | Entered Level 5 of the Dungeon
  2811 | D:5      | Gained mutation: You have razor-sharp teeth. [Vine Stalker
                  | growth]
  2811 | D:5      | Reached XP level 8. HP: 40/42 MP: 9/9
  2823 | D:5      | Noticed Pikel
  2860 | D:5      | Killed Pikel
  2861 | D:5      | Reached skill level 6 in Long Blades
  3246 | D:5      | Noticed Grinder
  3246 | D:5      | Paralysed by Grinder for 5 turns
  3260 | D:5      | Killed Grinder
  3261 | D:5      | Reached skill level 7 in Long Blades
  3261 | D:5      | Reached XP level 9. HP: 42/46 MP: 8/10
  3471 | D:6      | Reached skill level 5 in Fighting
  3480 | D:6      | Reached skill level 5 in Dodging
  3773 | D:6      | Reached skill level 8 in Long Blades
  3838 | D:6      | Found a glowing silver altar of Zin.
  3959 | D:6      | Found a blossoming altar of Fedhas.
  4148 | D:6      | Found a stormy altar of Qazlal.
  4419 | D:7      | Noticed Joseph
  4434 | D:7      | Slain by Joseph

Illustrated notes

Levels and vault maps discovered:
D:1:      roderic_octagonal_star, layout_basic
D:2:      layout_rooms, hellmonk_ecumenical_altar_dog_temple, uniq_sigmund
D:3:      layout_rooms, grunt_temple_overflow_opulence,
          kennysheep_orc_sif_temple, nicolae_dithmenos_through_a_glass_darkly
D:4:      layout_loops_cross, bloody_trog, amethyst_overflow_temple_binary,
          dk_rats_in_the_wall, uniq_edmund, uniq_eustachio
D:5:      layout_loops_ring, minivault_23, uniq_grinder, uniq_pikel
D:6:      layout_loops_cross, nicolae_overflow_crystal_walls,
          grunt_qazlal_clouds, mainiacjoe_overflow_paths
D:7:      layout_cave_pools, minmay_temple_entry_fiery, serial_column_ruins,
          column_ruins_hut, column_ruins_open_small, column_ruins_open_tiny,
          column_ruins_open_medium, column_ruins_open_tiny,
          column_ruins_open_small_water, column_ruins_open_small,
          minmay_strange_pillars, st_stairs_10, uniq_maggie, uniq_joseph,
          uniq_jeremiah

Skill      XL: |  1  2  3  4  5  6  7  8  9 |
---------------+----------------------------+-----
Fighting       | 2 3 4 5 |  5.7
Long Blades    | 4 5 7 8 |  8.4
Armour         | 1 2 3 4 |  4.8
Dodging        | 3 4 5 |  5.6
Throwing       | |  1.7

Action                     |  1- 3 |  4- 6 |  7- 9 || total
---------------------------+-------+-------+-------++-------
  Melee: Long sword        |    43 |   102 |   303 ||   448
         Bite              |     6 |    32 |    92 ||   130
         Punch             |       |     1 |     2 ||     3
 Armour: Leather armour    |    36 |    62 |   177 ||   275
  Dodge: Dodged            |    31 |    53 |   228 ||   312

Table legend: (Time is in decaauts)
 A = Elapsed time spent in this place.
 B = Non-inter-level travel time spent in this place.
 C = Inter-level travel time spent in this place.
 D = Time resting spent in this place.
 E = Time spent auto-exploring this place.
 F = Levels seen in this place.
 G = Mean time per level.
                   A        B        C        D        E       F      G
               +--------+--------+--------+--------+--------+-----+--------+
         Total |   4481 |   4358 |    123 |     34 |   3313 |   7 |  640.1 |
       Dungeon |   4481 |   4358 |    123 |     34 |   3313 |   7 |  640.1 |
               +--------+--------+--------+--------+--------+-----+--------+

Top non-repeatable levels by time:
     D:1: 973 daAuts
     D:6: 814 daAuts
     D:4: 798 daAuts
     D:5: 721 daAuts
     D:3: 565 daAuts
     D:2: 446 daAuts
     D:7: 161 daAuts
